 Dungeon Crawl Stone Soup version 0.30.1-4-g462c640d31 (webtiles) character file.

Game seed: 9160000918495504827

120 MrPagan1517 the Trooper (level 4, -10/41 HPs)
             Began as a Minotaur Fighter on Sept 18, 2023.
             Was an Initiate of Okawaru.
             Killed by divine providence
             ... invoked by an orc priest
              (13 damage)
             ... on level 4 of the Dungeon.
             The game lasted 00:05:49 (1829 turns).

MrPagan1517 the Trooper (Minotaur Fighter)          Turns: 1829, Time: 00:05:50

Health: -10/41     AC:  8    Str: 23    XL:     4   Next: 75%
Magic:  3/3        EV: 14    Int:  5    God:    Okawaru [......]
Gold:   68         SH:  4    Dex:  9    Spells: 3/3 levels left

rFire   . . .        a - +0 war axe (drain)
rCold   . . .        c - +0 buckler
rNeg    . . .        b - +0 scale mail
rPois   .            (helmet restricted)
rElec   .            (no cloak)
rCorr   .            k - +0 pair of gloves
SInv    .            (no boots)
Will    .....        (no amulet) Stlth
                     l - +5 ring of evasion
HPRegen 0.26/turn    (no ring)
MPRegen 0.08/turn

%: no passive effects
@: mighty
A: horns 2, retaliatory headbutt
a: Renounce Religion


You were on level 4 of the Dungeon.
You worshipped Okawaru.
Okawaru was noncommittal.
You visited 1 branch of the dungeon, and saw 4 of its levels.

You collected 68 gold pieces.

Inventory:

Hand Weapons
 a - a +0 war axe of draining (weapon)
Armour
 b - a +0 scale mail (worn)
 c - a +0 buckler (worn)
 k - a +0 pair of gloves (worn)
Jewellery
 l - a +5 ring of evasion (left hand)
 m - a ring of resist corrosion
Scrolls
 j - a scroll of identify
Potions
 e - a potion of ambrosia {unknown}
 f - a potion of invisibility {unknown}
 g - a potion of haste {unknown}
 h - a potion of magic {unknown}
 i - a potion of flight {unknown}
 n - 2 potions of curing {unknown}


   Skills:
 + Level 4.6 Fighting
 + Level 4.1 Axes
 + Level 4.5 Armour
 + Level 0.3 Dodging
 + Level 4.0 Shields


You had 3 spell levels left.
You didn't know any spells.
Your spell library contained the following spells:

 Spells                   Type           Power      Damage    Failure   Level
 Apportation              Tloc           0%         N/A       83%         1
 Necrotise                Necr           0%         1d4       83%         1
 Gell's Gravitas          Tloc           0%         N/A       99%         3
 Teleport Other           Tloc           0%         N/A       99%         3
 Dispersal                Tloc           0%         N/A       100%        6
 Summon Small Mammal      Summ           Unusable   N/A       N/A         1

Dungeon Overview and Level Annotations

Branches:
Dungeon (4/15)
 Temple: D:4-7

Altars:
Okawaru
Yredelemnul

Annotations:
D:4 Sigmund


Innate Abilities, Weirdness & Mutations

You have a pair of horns on your head.
You reflexively headbutt those who attack you in melee.


Message History

There is a stone staircase leading up here.
There are monsters nearby!
An orc comes into view. It is wielding a +0 dagger.
Found a stone staircase leading down.
The orc priest mumbles some strange prayers to Beogh against you.
Beogh smites you!
Sigmund the Dreaded comes into view.
He is wielding a +0 scythe.
You slash the orc wizard! You drain the orc wizard.
You kill the orc wizard!
Okawaru accepts your kill.
Your Axes skill increases to level 4!
Things that are here:
a +0 dagger; a +0 robe You slash the orc priest!
You drain the orc priest. Your headbutt misses the orc priest.
The orc priest is almost dead.
The orc priest invokes the aid of Beogh against you.
Beogh smites you!
You are too injured to fight recklessly!
You are too injured to fight recklessly!
You are too injured to fight recklessly!
You are too injured to fight recklessly!
You are too injured to fight recklessly!
You are too injured to fight recklessly!
You are too injured to fight recklessly!
You are too injured to fight recklessly!
You are too injured to fight recklessly!
You feel very mighty all of a sudden.
The orc priest miscasts a cantrip.
Sigmund barely misses you.
The orc priest attacks as you move away!
The orc priest hits you but does no damage.
The orc priest attacks as you move away!
You block the orc priest's attack.
The orc priest mumbles some strange prayers to Beogh against you.
Beogh smites you!
* * * LOW HITPOINT WARNING * * *
The orc priest calls down the wrath of Beogh upon you.
Beogh smites you!
You die...

#### ..# . #
#.#
....#(##.#####
..>..@oo..@..#
......##.###.#
.##.# #.# # #
..# ####


You could see Sigmund, an orc priest (very drained) and an orc.

Vanquished Creatures
  An orc wizard (D:4)
  3 adders
  A worm (D:2)
  2 dart slugs (D:2)
  5 orcs (D:3)
  2 ball pythons
  5 bats
  5 endoplasms
  A giant cockroach (D:1)
  2 hobgoblins
  4 jackals (D:1)
  5 quokkas
  4 frilled lizards
  2 goblins
  8 kobolds
  2 rats (D:1)
  A spectral orc (D:3)
53 creatures vanquished.

Notes
Turn   | Place    | Note
-------+----------+-------------------------------------------
     0 | D:1      | MrPagan1517 the Minotaur Fighter began the quest for the
                  | Orb.
     0 | D:1      | Reached XP level 1. HP: 19/19 MP: 0/0
   412 | D:1      | Reached XP level 2. HP: 23/23 MP: 1/1
   879 | D:2      | Reached XP level 3. HP: 34/34 MP: 2/2
  1157 | D:2      | Reached XP level 4. HP: 41/41 MP: 3/3
  1168 | D:2      | Found a basalt altar of Yredelemnul.
  1396 | D:3      | Found an iron altar of Okawaru.
  1424 | D:3      | Became a worshipper of Warmaster Okawaru
  1590 | D:3      | Found a basalt altar of Yredelemnul.
  1822 | D:4      | Noticed Sigmund
  1829 | D:4      | Killed from afar by an orc priest

Illustrated notes

Levels and vault maps discovered:
D:1:      saegor_arrival_simple_b, layout_loops_corners
D:2:      layout_rooms, basic_altar
D:3:      layout_basic, yredelemnul_forgotten_temple_becter,
          mainiacjoe_overflow_six_doors_small
D:4:      layout_loops_cross, temple_pool_b, uniq_sigmund

Skill      XL: |  1  2  3  4 |
---------------+-------------+-----
Fighting       | 4 |  4.6
Armour         | 4 |  4.5
Axes           | 3 4 |  4.1
Shields        | 4 |  4.0
Dodging        | |  0.3

Action                     |  1- 3 |  4- 6 || total
---------------------------+-------+-------++-------
  Melee: War axe           |    76 |    21 ||    97
         Headbutt          |     2 |     5 ||     7
    Use: Scroll            |     3 |     1 ||     4
         Potion            |       |     1 ||     1
 Armour: Scale mail        |    29 |     7 ||    36
  Dodge: Dodged            |    47 |    18 ||    65
  Block: Buckler           |    16 |     5 ||    21
